 Dungeon Crawl Stone Soup version 0.24-a0-580-g6a6c3f83c1 (webtiles) character file.

Game seed: 2592815242962465591

72 Hylith the Covered (level 4, -6/34 HPs)
             Began as a Gnoll Wanderer on Aug 22, 2019.
             Mangled by Sigmund
             ... wielding a +0 scythe
              (10 damage)
             ... on level 3 of the Dungeon.
             The game lasted 00:02:50 (2136 turns).

Hylith the Covered (Gnoll Wanderer)                 Turns: 2136, Time: 00:02:51

Health: -6/34      AC: 11    Str: 18    XL:     4   Next: 25%
Magic:  11/11      EV: 10    Int: 14    God:
Gold:   149        SH:  4    Dex: 10    Spells: 13/13 levels left

rFire    . . .     SeeInvis .   a - +2 mace
rCold    . . .     Gourm    .   c - +0 buckler
rNeg     . . .     Faith    .   b - +0 ring mail
rPois    .         Spirit   .   (no helmet)
rElec    +         Reflect  .   f - +0 cloak
rCorr    .         Harm     .   (no gloves)
MR       +....                  n - +0 pair of boots
Stlth    +.........             (no amulet)
HPRegen  0.11/turn              (no ring)
MPRegen  0.12/turn              (no ring)

@: lightly drained
A: distributed training, fangs 1, icy blue scales 1, clumsy 1, magic resistance
1, electricity resistance, subdued magic 1, strong nose
a: no special abilities


You were on level 3 of the Dungeon.
You were not hungry.

You visited 1 branch of the dungeon, and saw 3 of its levels.

You collected 149 gold pieces.

Inventory:

Hand Weapons
 a - a +2 mace (weapon)
Missiles
 h - 15 stones (quivered)
Armour
 b - a +0 ring mail (worn)
 c - a +0 buckler (worn)
 f - a +0 cloak (worn)
 n - a +0 pair of boots (worn)
Scrolls
 e - a scroll of random uselessness {unknown}
 g - 2 scrolls of remove curse {unknown}
 i - 2 scrolls of teleportation {unknown}
 j - a scroll of magic mapping {unknown}
 l - 2 scrolls of identify {unknown}
 m - a scroll of amnesia {unknown}
Comestibles
 d - 6 rations


   Skills:
 + Level 2.7 Fighting
 + Level 1.0 Short Blades
 + Level 1.0 Long Blades
 + Level 1.0 Axes
 + Level 2.7 Maces & Flails
 + Level 1.0 Polearms
 + Level 1.0 Staves
 + Level 1.0 Slings
 + Level 1.0 Bows
 + Level 1.0 Crossbows
 + Level 2.7 Throwing
 + Level 6.6(6.5) Armour
 + Level 1.0 Dodging
 + Level 1.0 Stealth
 + Level 2.7 Shields
 + Level 1.0 Unarmed Combat
 + Level 5.0 Spellcasting
 + Level 0.8 Conjurations
 + Level 0.8 Hexes
 + Level 2.2 Charms
 + Level 0.8 Summonings
 + Level 0.8 Necromancy
 + Level 0.8 Translocations
 + Level 0.8 Transmutations
 + Level 0.8 Fire Magic
 + Level 0.8 Ice Magic
 + Level 0.8 Air Magic
 + Level 0.8 Earth Magic
 + Level 0.8 Poison Magic
 + Level 1.1 Invocations
 + Level 1.0 Evocations


You had 13 spell levels left.
You didn't know any spells.
Your spell library was empty.

Dungeon Overview and Level Annotations

Branches:
Dungeon (3/15)

Altars:

Annotations:
D:3 Sigmund


Innate Abilities, Weirdness & Mutations

Your experience applies equally to all skills.
You have very sharp teeth.
Your uncanny sense of smell can sniff out nearby items.
You are partially covered in icy blue scales. (AC +2)
You are clumsy. (Dex -2)
You are resistant to hostile enchantments. (MR+)
You are resistant to electric shocks. (rElec)
Your spells are a little easier to cast, but a little less powerful.


Message History

You hit something.
You hear some strange, mumbled words.
A magic dart appears from out of thin air!
The magic dart hits you.
You miss something.
The rat twitches its whiskers.
Something hits you but does no damage.
You hit something but do no damage. The rat bites you but does no damage.
Something hits you.
* * * LOW HITPOINT WARNING * * *
The rat barely misses you.
You barely miss something. The rat bites you but does no damage.
You hit something but do no damage. Something hits you.
* * * LOW HITPOINT WARNING * * *
The rat bites you but does no damage.
You barely miss something. The rat bites you.
* * * LOW HITPOINT WARNING * * *
Something hits you but does no damage. The rat barely misses you.
You hit something. You bite something. Something hits you!
You die...

#############
............#
............#
............# ..
............#######..
.....................
.....................
.......{@............
.......r.............
......#######........
..#### #........ .
##########........
...................
....................
....................
............########


You could see a rat.

Vanquished Creatures
  Crazy Yiuf (D:2)
  An adder (D:2)
  An ooze (D:2)
  A worm (D:2)
  A dart slug (D:1)
  A leopard gecko (D:1)
  5 giant cockroaches
  A goblin (D:2)
  2 hobgoblins
  3 jackals (D:2)
  A kobold (D:1)
  A quokka (D:2)
  4 bats
  4 frilled lizards
  A rat (D:2)
28 creatures vanquished.

Notes
Turn   | Place    | Note
-------+----------+-------------------------------------------
     0 | D:1      | Hylith the Gnoll Wanderer began the quest for the Orb.
     0 | D:1      | Hylith set off with the following items: a +2 mace, a +0
                  | ring mail, a +0 buckler, a ration
     0 | D:1      | Reached XP level 1. HP: 17/17 MP: 6/6
   272 | D:1      | Reached XP level 2. HP: 23/23 MP: 7/7
   969 | D:2      | Reached XP level 3. HP: 9/28 MP: 9/9
  1269 | D:2      | Reached skill level 5 in Spellcasting
  1434 | D:2      | Reached skill level 1 in Invocations
  1683 | D:2      | Found a runed translucent door.
  1684 | D:2      | Noticed Crazy Yiuf
  1693 | D:2      | Killed Crazy Yiuf
  1693 | D:2      | Reached skill level 1 in Short Blades
  1693 | D:2      | Reached skill level 1 in Long Blades
  1693 | D:2      | Reached skill level 1 in Axes
  1693 | D:2      | Reached skill level 1 in Polearms
  1693 | D:2      | Reached skill level 1 in Staves
  1693 | D:2      | Reached skill level 1 in Slings
  1693 | D:2      | Reached skill level 1 in Bows
  1693 | D:2      | Reached skill level 1 in Crossbows
  1693 | D:2      | Reached skill level 1 in Dodging
  1693 | D:2      | Reached skill level 1 in Stealth
  1693 | D:2      | Reached skill level 1 in Unarmed Combat
  1693 | D:2      | Reached skill level 1 in Evocations
  1693 | D:2      | Reached XP level 4. HP: 22/34 MP: 11/11
  2116 | D:3      | Noticed Sigmund
  2117 | D:3      | Gained mutation: Your magical capacity is low. (-10% MP)
                  | [potion of mutation]
  2117 | D:3      | Gained mutation: You are frail. (-10% HP) [potion of
                  | mutation]
  2117 | D:3      | Gained mutation: You are clumsy. (Dex -2) [potion of
                  | mutation]
  2117 | D:3      | Gained mutation: You have a pair of small horns on your
                  | head. [potion of mutation]
  2122 | D:3      | Lost mutation: Your magical capacity is low. (-10% MP)
                  | [potion of mutation]
  2122 | D:3      | Lost mutation: You have a pair of small horns on your head.
                  | [potion of mutation]
  2122 | D:3      | Lost mutation: You are frail. (-10% HP) [potion of
                  | mutation]
  2122 | D:3      | Gained mutation: You are resistant to electric shocks.
                  | (rElec) [potion of mutation]
  2122 | D:3      | Gained mutation: Your spells are a little easier to cast,
                  | but a little less powerful. [potion of mutation]
  2122 | D:3      | Gained mutation: You are partially covered in icy blue
                  | scales. (AC +2) [potion of mutation]
  2122 | D:3      | Gained mutation: You are resistant to hostile enchantments.
                  | (MR+) [potion of mutation]
  2136 | D:3      | Mangled by Sigmund

Levels and vault maps discovered:
D:1:      giann_wishing_wells, layout_basic
D:2:      layout_loops_ring, first_ration, uniq_crazy_yiuf_cottage
D:3:      layout_basic, biasface_ghost_orc_armoury, minmay_fountain_box,
          uniq_sigmund

Skill      XL: |  1  2  3 |
---------------+----------+-----
Charms         | 2 |  2.2
Spellcasting   | 5 |  5.0
Invocations    | 1 |  1.1
Short Blades   | 1 |  1.0
Long Blades    | 1 |  1.0
Axes           | 1 |  1.0
Polearms       | 1 |  1.0
Staves         | 1 |  1.0
Slings         | 1 |  1.0
Bows           | 1 |  1.0
Crossbows      | 1 |  1.0
Dodging        | 1 |  1.0
Stealth        | 1 |  1.0
Unarmed Combat | 1 |  1.0
Evocations     | 1 |  1.0
Fighting       | |  2.7
Maces & Flails | |  2.7
Throwing       | |  2.7
Armour         | |  6.6
Shields        | |  2.7
Conjurations   | |  0.8
Hexes          | |  0.8
Summonings     | |  0.8
Necromancy     | |  0.8
Translocations | |  0.8
Transmutations | |  0.8
Fire Magic     | |  0.8
Ice Magic      | |  0.8
Air Magic      | |  0.8
Earth Magic    | |  0.8
Poison Magic   | |  0.8

Action                   |  1- 3 |  4- 6 || total
-------------------------+-------+-------++-------
Melee: Mace              |    75 |    10 ||    85
       Bite              |     5 |     2 ||     7
  Use: Potion            |       |     2 ||     2
  Eat: Chunk             |     2 |     2 ||     4
Armor: Ring mail         |    29 |     8 ||    37
Dodge: Dodged            |    36 |     2 ||    38
Block: Buckler           |    16 |       ||    16

Table legend:
 A = Non-vault XP
 B = Vault XP
 C = Vault XP percentage of total XP
 D = Non-vault monster count
 E = Vault monster count
 F = Vault count percentage of total count
                 A         B        C        D         E       F
            +---------+---------+-------+---------+---------+-------
      Total |      67 |      36 |  35.0 |      27 |       1 |   3.6
            +---------+---------+-------+---------+---------+-------
        D:1 |      19 |       0 |   0.0 |      10 |       0 |   0.0
        D:2 |      48 |      36 |  42.9 |      17 |       1 |   5.6
            +---------+---------+-------+---------+---------+-------
